 Dungeon Crawl Stone Soup version 0.21.1-1-g345015f (webtiles) character file.

2440 tidbits the Magician (level 9, 65/65 HPs)
             Began as a Gnoll Ice Elementalist on Mar 28, 2018.
             Quit the game on level 6 of the Dungeon.
             The game lasted 00:30:03 (2715 turns).

tidbits the Magician (Gnoll Ice Elementalist)       Turns: 2715, Time: 00:30:03

Health: 65/65      AC:  8    Str: 10    XL:     9   Next: 49%
Magic:  18/18      EV: 16    Int: 22    God:
Gold:   39         SH:  5    Dex: 15    Spells: 7/21 levels left

rFire    . . .     SeeInvis .   b - +2 dagger (venom)
rCold    . . .     Gourm    .   D - +0 buckler (curse)
rNeg     . . .     Faith    .   B - +0 robe
rPois    +         Spirit   .   E - +2 hat
rElec    .         Reflect  .   C - +2 cloak
rCorr    .         Harm     .   G - +0 pair of gloves
MR       .....                  (no boots)
Stlth    +++.......             (no amulet)
HPRegen  0.20/turn              (no ring)
MPRegen  0.16/turn              (no ring)

@: no status effects
A: distributed training, fangs 1, poison resistance, evolution 1, strong nose
a: no special abilities


You were on level 6 of the Dungeon.
You were hungry.

You visited 1 branch of the dungeon, and saw 8 of its levels.
You also visited: Ossuary.

You collected 309 gold pieces.
You spent 270 gold pieces at shops.

Inventory:

Hand Weapons
 a - a +0 whip of electrocution
   (You took it off Pikel on level 7 of the Dungeon)
 b - a +2 dagger of venom (weapon)
   (You took it off a kobold on level 1 of the Dungeon)
 m - a +0 blowgun
 q - a +0 shortbow
 t - a +0 trident
 w - a +0 war axe
 y - a +0 rapier
 z - a +0 flail of protection
   (You took it off an orc on level 4 of the Dungeon)
 H - a +0 scimitar
 I - a +0 shortbow
 J - a +0 long sword
 N - a +2 dagger of speed
   (You found it on level 7 of the Dungeon)
Missiles
 h - 79 arrows
 K - 6 needles of sleeping
Armour
 v - a +0 ring mail
 B - a +0 robe (worn)
 C - a +2 cloak (worn)
 D - a cursed +0 buckler (worn)
 E - a +2 hat (worn)
 G - a +0 pair of gloves (worn)
 M - a +0 shield
Wands
 d - a wand of digging (5)
 i - a wand of random effects (24)
Scrolls
 e - 3 scrolls of fear
 g - 3 scrolls of enchant armour
 k - 5 scrolls of amnesia
 n - 2 scrolls of noise
 o - 3 scrolls of teleportation
 r - 4 scrolls of remove curse
 s - 6 scrolls of blinking
Potions
 f - 2 potions of cancellation {unknown}
 j - 2 potions of berserk rage {unknown}
 l - 2 potions of mutation {!q}
 p - a potion of magic
 u - 3 potions of heal wounds
 A - 3 potions of curing
 F - 2 potions of flight
 L - 3 potions of lignification
 P - a potion of haste {unknown}
 Q - a potion of brilliance
Books
 x - a book of Frost

   Spells                             Type                      Level
   a - Freeze                         Ice                          1
   b - Throw Frost                    Conjuration/Ice              2
   c - Ozocubu's Armour               Charms/Ice                   3
   d - Throw Icicle                   Conjuration/Ice              4
   e - Summon Ice Beast               Ice/Summoning                4
Comestibles
 c - 9 rations


   Skills:
 + Level 4.2 Fighting
 + Level 4.2 Short Blades
 + Level 4.2 Long Blades
 + Level 4.2 Axes
 + Level 4.2 Maces & Flails
 + Level 4.2 Polearms
 + Level 4.2 Staves
 + Level 4.2 Slings
 + Level 4.2 Bows
 + Level 4.2 Crossbows
 + Level 4.2 Throwing
 + Level 4.2 Armour
 + Level 6.3 Dodging
 + Level 6.0 Stealth
 + Level 4.2 Shields
 + Level 4.2 Unarmed Combat
 + Level 6.6 Spellcasting
 + Level 4.1 Conjurations
 + Level 3.4 Hexes
 + Level 3.4 Charms
 + Level 3.4 Summonings
 + Level 3.4 Necromancy
 + Level 3.4 Translocations
 + Level 3.4 Transmutations
 + Level 3.4 Fire Magic
 + Level 6.5 Ice Magic
 + Level 3.4 Air Magic
 + Level 3.4 Earth Magic
 + Level 3.4 Poison Magic
 + Level 4.6 Invocations
 + Level 4.2 Evocations


You had 7 spell levels left.
You knew the following spells:

 Your Spells              Type           Power        Failure   Level  Hunger
a - Freeze                Ice            ####         1%          1    None
i - Summon Ice Beast      Ice/Summ       ####....     11%         4    ###....
j - Throw Frost           Conj/Ice       ####..       1%          2    None
k - Throw Icicle          Conj/Ice       ####....     10%         4    ###....
o - Ozocubu's Armour      Chrm/Ice       ####....     3%          3    #......


Dungeon Overview and Level Annotations

Branches:
Dungeon (8/15)
 Temple: D:4-7         Lair: D:8-11

Altars:
Gozag
Kikubaaqudgha
Qazlal

Shops:
D:5 !


Innate Abilities, Weirdness & Mutations

Your experience applies equally to all skills.
You have very sharp teeth.
Your uncanny sense of smell can sniff out nearby items.
Your system is resistant to poisons. (rPois)
You evolve.


Message History

An adder comes into view.
The adder hisses angrily.
Found a stone staircase leading down.
Casting: Summon Ice Beast
Confirm with . or Enter, or press ? or * to list all spells.
A film of ice covers your body!
A sky beast and a centaur come into view.
The centaur shouts!
The centaur wields a shortbow.
The centaur shoots an arrow.
You block the arrow.
You see here an arrow.
Casting: Ozocubu's Armour
Confirm with . or Enter, or press ? or * to list all spells.
You miscast Summon Ice Beast.
You are very lightly contaminated with residual magic.
Shadowy shapes form in the air around you, then vanish.
The adder misses you. The adder closely misses you.
Casting: Summon Ice Beast
Confirm with . or Enter, or press ? or * to list all spells.
A chill wind blows around you.
The adder bites you but does no damage. x2
You hit the adder.
The adder is moderately wounded.
The adder misses you.
You hit the adder but do no damage. Lightning courses through the adder!
You kill the adder!
The centaur shoots an arrow.
The arrow hits you but does no damage.
The centaur unwields an uncursed shortbow.
The centaur hits you but does no damage.
Your ice beast hits the centaur.
Your ice beast freezes the centaur!
You block the centaur's attack.
You see here an adder corpse.
You hit the centaur.
The centaur is almost dead.
Your ice beast hits the centaur.
Your ice beast freezes the centaur!
The centaur dies!
Unknown command.
Wield which item (- for none, * to show all)? (? for menu, Esc to quit)
Your +0 whip of electrocution stops crackling.
Your +2 dagger of venom begins to drip with poison!
b - a +2 dagger of venom (weapon)
Your ice beast hits the sky beast.
Your ice beast freezes the sky beast!
You closely miss the sky beast.
The sky beast is moderately wounded.
The sky beast hits you but does no damage.
Your ice beast closely misses the sky beast.
You barely miss the sky beast.
The sky beast is moderately wounded.
The sky beast closely misses you.
You barely miss the sky beast.
The sky beast is moderately wounded.
Your ice beast hits the sky beast.
Your ice beast freezes the sky beast!
You hit the sky beast.
The sky beast is almost dead.
You block the sky beast's attack.
Your ice beast hits the sky beast but does no damage.
You hit the sky beast.
You kill the sky beast!
There are no objects that can be picked up here. an adder corpse
Press: ? - help, v - describe, . - travel, g - get item An adder corpse.
The floor.
Things that are here:
an arrow; a sky beast corpse You swap places.
Things that are here:
an uncursed shortbow; 17 arrows
h - 79 arrows (gained 17)
You see here an adder corpse.
You butcher the adder corpse.
You see here a chunk of flesh.
Eat a chunk of flesh? (ye/n/q)
You eat the chunk of flesh.
This raw flesh tastes terrible.
You are feeling hungry.
You swap places.
Things that are here:
an arrow; a sky beast corpse Your magical contamination has completely faded away.
There is a stone staircase leading up here.
You climb upwards.
Your summoned ally is left behind.
An orc comes into view. It is wielding a whip.
There is a stone staircase leading down here.
You climb downwards.
Your ice beast disappears in a puff of smoke!
There is a stone staircase leading up here.
Unknown command.
Your icy armour starts to melt.
Your icy armour evaporates.
There is a stone staircase leading down here.
You climb downwards.
There is a stone staircase leading up here.
Unknown command.
Okay, then.
Okay, then.
Unknown command.
Evoke which item? (* to show all) (? for menu, Esc to quit)
Aiming: Dig
Press: ? - help, Shift-Dir - straight line, f - you The rock shatters into small pieces.
Are you sure you want to abandon this character and quit the game? (Confirm with "yes".)

...############.#######
......................#
####...#...#...#...#..#
#..................._#
##.#...#...#...#...#..#
......................#
...####################
......# #.# ......#
#####@# ......# #.....#
......#######.####
##.........##.#
#.........##.#
##.........##.#
...........##.#
...#......###.#
...#......# #.#


There were no monsters in sight!

Vanquished Creatures
  The ghost of Redear the Grappler, a novice VSMo of Okawaru (D:7)
  A hippogriff (D:7)
  Eustachio (D:4)
  Duvessa (D:7)
  2 sky beasts (D:5)
  An ogre (D:6)
  A phantom (D:7)
  A necrophage (D:5)
  A centaur (D:6)
  A scorpion (D:4)
  A wight (D:6)
  A howler monkey (D:4)
  A centaur zombie (Ossuary)
  2 human zombies (Ossuary)
  2 hounds (D:7)
  An orc priest (D:4)
  A bullfrog skeleton (D:5)
  An iguana (D:5)
  An orc wizard (D:4)
  4 worker ants
  A big kobold zombie (Ossuary)
  A hound zombie (Ossuary)
  A hound skeleton (D:4)
  3 mummies (Ossuary)
  4 gnolls (D:2)
  9 adders
  A shadow imp (D:5)
  An adder zombie (Ossuary)
  An adder skeleton (D:4)
  A dart slug (D:4)
  2 leopard geckos
  10 orcs
  3 bats
  2 giant cockroaches
  A goblin (D:1)
  2 hobgoblins (D:1)
  6 jackals (D:4)
  8 kobolds
  4 quokkas
  3 frilled lizards
  A gnoll zombie (Ossuary)
  2 goblin zombies (Ossuary)
  A jackal zombie (Ossuary)
  2 kobold zombies (Ossuary)
  A quokka skeleton (D:5)
  2 quokka zombies (Ossuary)
  6 rats
  5 rat zombies
  3 plants (D:2)
113 creatures vanquished.

Vanquished Creatures (collateral kills)
  Pikel (D:7)
  2 ogres
  A centaur (D:5)
  A big kobold (D:6)
  2 wights (D:6)
  2 crimson imps
  2 hounds
  A bullfrog skeleton (D:6)
  A big kobold zombie (Ossuary)
  2 kobolds (D:6)
  2 goblin zombies (Ossuary)
  A hobgoblin zombie (Ossuary)
  A jackal zombie (Ossuary)
  3 kobold zombies (Ossuary)
  A leopard gecko zombie (D:6)
  3 quokka zombies (Ossuary)
  A rat zombie (Ossuary)
27 creatures vanquished.

Vanquished Creatures (others)
  2 slaves (D:7)
  Dowan (D:7)
3 creatures vanquished.

Grand Total: 143 creatures vanquished

Notes
Turn   | Place    | Note
-------+----------+-------------------------------------------
     0 | D:1      | tidbits the Gnoll Ice Elementalist began the quest for the Orb.
     0 | D:1      | Reached XP level 1. HP: 13/13 MP: 6/6
    28 | D:1      | Reached skill level 2 in Conjurations
    32 | D:1      | Reached XP level 2. HP: 19/19 MP: 3/7
   195 | D:2      | Reached XP level 3. HP: 25/25 MP: 9/9
   199 | D:2      | Learned a level 2 spell: Throw Frost
   203 | D:2      | Learned a level 3 spell: Ozocubu's Armour
   221 | D:2      | Reached skill level 5 in Spellcasting
   234 | D:2      | Reached skill level 1 in Invocations
   246 | D:2      | Reached skill level 1 in Fighting
   246 | D:2      | Reached skill level 1 in Short Blades
   246 | D:2      | Reached skill level 1 in Long Blades
   246 | D:2      | Reached skill level 1 in Axes
   246 | D:2      | Reached skill level 1 in Maces & Flails
   246 | D:2      | Reached skill level 1 in Polearms
   246 | D:2      | Reached skill level 1 in Staves
   246 | D:2      | Reached skill level 1 in Slings
   246 | D:2      | Reached skill level 1 in Bows
   246 | D:2      | Reached skill level 1 in Crossbows
   246 | D:2      | Reached skill level 1 in Throwing
   246 | D:2      | Reached skill level 1 in Armour
   246 | D:2      | Reached skill level 1 in Shields
   246 | D:2      | Reached skill level 1 in Unarmed Combat
   246 | D:2      | Reached skill level 1 in Evocations
   246 | D:2      | Reached XP level 4. HP: 20/32 MP: 1/11
   649 | D:4      | Found an opulent altar of Gozag.
   689 | D:4      | Reached skill level 1 in Hexes
   689 | D:4      | Reached skill level 1 in Charms
   689 | D:4      | Reached skill level 1 in Summonings
   689 | D:4      | Reached skill level 1 in Necromancy
   689 | D:4      | Reached skill level 1 in Translocations
   689 | D:4      | Reached skill level 1 in Transmutations
   689 | D:4      | Reached skill level 1 in Fire Magic
   689 | D:4      | Reached skill level 1 in Air Magic
   689 | D:4      | Reached skill level 1 in Earth Magic
   689 | D:4      | Reached skill level 1 in Poison Magic
   732 | D:4      | Reached XP level 5. HP: 37/37 MP: 4/12
   804 | D:4      | Noticed a phantom
   871 | D:4      | Noticed Eustachio
   886 | D:4      | Killed Eustachio
   886 | D:4      | Reached skill level 2 in Invocations
   886 | D:4      | Reached XP level 6. HP: 44/44 MP: 3/14
   957 | D:4      | Reached skill level 5 in Dodging
   963 | D:4      | Reached skill level 2 in Fighting
   963 | D:4      | Reached skill level 2 in Short Blades
   963 | D:4      | Reached skill level 2 in Long Blades
   963 | D:4      | Reached skill level 2 in Axes
   963 | D:4      | Reached skill level 2 in Maces & Flails
   963 | D:4      | Reached skill level 2 in Polearms
   963 | D:4      | Reached skill level 2 in Staves
   963 | D:4      | Reached skill level 2 in Slings
   963 | D:4      | Reached skill level 2 in Bows
   963 | D:4      | Reached skill level 2 in Crossbows
   963 | D:4      | Reached skill level 2 in Throwing
   963 | D:4      | Reached skill level 2 in Armour
   963 | D:4      | Reached skill level 2 in Shields
   963 | D:4      | Reached skill level 2 in Unarmed Combat
   963 | D:4      | Reached skill level 2 in Evocations
  1088 | D:5      | Entered Level 5 of the Dungeon
  1146 | D:5      | Found Jyteossu's Distillery.
  1151 | D:5      | Bought a potion of heal wounds for 50 gold pieces
  1151 | D:5      | Bought a potion of curing for 30 gold pieces
  1163 | D:5      | Reached XP level 7. HP: 17/50 MP: 11/15
  1291 | D:5      | Found a sand-covered staircase.
  1298 | Ossuary  | Entered an ossuary
  1304 | Ossuary  | Learned a level 4 spell: Summon Ice Beast
  1425 | Ossuary  | Reached skill level 2 in Hexes
  1425 | Ossuary  | Reached skill level 2 in Charms
  1425 | Ossuary  | Reached skill level 2 in Summonings
  1425 | Ossuary  | Reached skill level 2 in Necromancy
  1425 | Ossuary  | Reached skill level 2 in Translocations
  1425 | Ossuary  | Reached skill level 2 in Transmutations
  1425 | Ossuary  | Reached skill level 2 in Fire Magic
  1425 | Ossuary  | Reached skill level 2 in Air Magic
  1425 | Ossuary  | Reached skill level 2 in Earth Magic
  1425 | Ossuary  | Reached skill level 2 in Poison Magic
  1498 | Ossuary  | Reached skill level 3 in Conjurations
  1555 | Ossuary  | Learned a level 4 spell: Throw Icicle
  1582 | D:5      | Reached skill level 5 in Stealth
  1594 | D:5      | Reached skill level 3 in Invocations
  1642 | D:5      | Bought 2 potions of lignification for 60 gold pieces
  1659 | D:7      | Noticed a hippogriff
  1676 | D:6      | Reached XP level 8. HP: 44/57 MP: 10/16
  1700 | D:6      | Reached skill level 6 in Ice Magic
  1750 | D:6      | Reached skill level 3 in Fighting
  1750 | D:6      | Reached skill level 3 in Short Blades
  1750 | D:6      | Reached skill level 3 in Long Blades
  1750 | D:6      | Reached skill level 3 in Axes
  1750 | D:6      | Reached skill level 3 in Maces & Flails
  1750 | D:6      | Reached skill level 3 in Polearms
  1750 | D:6      | Reached skill level 3 in Staves
  1750 | D:6      | Reached skill level 3 in Slings
  1750 | D:6      | Reached skill level 3 in Bows
  1750 | D:6      | Reached skill level 3 in Crossbows
  1750 | D:6      | Reached skill level 3 in Throwing
  1750 | D:6      | Reached skill level 3 in Armour
  1750 | D:6      | Reached skill level 3 in Shields
  1750 | D:6      | Reached skill level 3 in Unarmed Combat
  1750 | D:6      | Reached skill level 3 in Evocations
  1826 | D:6      | Reached skill level 6 in Spellcasting
  1899 | D:6      | Found an ancient bone altar of Kikubaaqudgha.
  1949 | D:6      | Found a stormy altar of Qazlal.
  2013 | D:7      | Killed a hippogriff
  2080 | D:7      | Noticed Redear's ghost (novice VSMo)
  2088 | D:7      | Killed Redear's ghost
  2088 | D:7      | Reached skill level 3 in Hexes
  2088 | D:7      | Reached skill level 3 in Charms
  2088 | D:7      | Reached skill level 3 in Summonings
  2088 | D:7      | Reached skill level 3 in Necromancy
  2088 | D:7      | Reached skill level 3 in Translocations
  2088 | D:7      | Reached skill level 3 in Transmutations
  2088 | D:7      | Reached skill level 3 in Fire Magic
  2088 | D:7      | Reached skill level 3 in Air Magic
  2088 | D:7      | Reached skill level 3 in Earth Magic
  2088 | D:7      | Reached skill level 3 in Poison Magic
  2088 | D:7      | Reached skill level 4 in Invocations
  2119 | D:7      | Reached XP level 9. HP: 65/65 MP: 6/18
  2143 | D:7      | Reached skill level 6 in Dodging
  2178 | D:7      | Noticed Pikel
  2194 | D:7      | Killed Pikel
  2233 | D:7      | Killed Dowan
  2276 | D:7      | Reached skill level 4 in Fighting
  2276 | D:7      | Reached skill level 4 in Short Blades
  2276 | D:7      | Reached skill level 4 in Long Blades
  2276 | D:7      | Reached skill level 4 in Axes
  2276 | D:7      | Reached skill level 4 in Maces & Flails
  2276 | D:7      | Reached skill level 4 in Polearms
  2276 | D:7      | Reached skill level 4 in Staves
  2276 | D:7      | Reached skill level 4 in Slings
  2276 | D:7      | Reached skill level 4 in Bows
  2276 | D:7      | Reached skill level 4 in Crossbows
  2276 | D:7      | Reached skill level 4 in Throwing
  2276 | D:7      | Reached skill level 4 in Armour
  2276 | D:7      | Reached skill level 4 in Shields
  2276 | D:7      | Reached skill level 4 in Unarmed Combat
  2276 | D:7      | Reached skill level 4 in Conjurations
  2276 | D:7      | Reached skill level 4 in Evocations
  2378 | D:7      | Noticed Duvessa
  2387 | D:7      | Killed Duvessa
  2465 | D:5      | Bought a potion of mutation for 80 gold pieces
  2465 | D:5      | Gained mutation: You are clumsy. (Dex -2) [potion of mutation]
  2465 | D:5      | Gained mutation: Your mind is acute. (Int +2) [potion of mutation]
  2465 | D:5      | Gained mutation: Armour fits poorly on your strangely shaped body. [potion of mutation]
  2465 | D:5      | Gained mutation: You evolve. [potion of mutation]
  2466 | D:5      | Lost mutation: You are clumsy. (Dex -2) [potion of mutation]
  2466 | D:5      | Lost mutation: You evolve. [potion of mutation]
  2466 | D:5      | Lost mutation: Your mind is acute. (Int +2) [potion of mutation]
  2466 | D:5      | Lost mutation: Armour fits poorly on your strangely shaped body. [potion of mutation]
  2466 | D:5      | Gained mutation: You evolve. [potion of mutation]
  2466 | D:5      | Gained mutation: Your system is resistant to poisons. (rPois) [potion of mutation]
  2467 | D:5      | Bought a potion of degeneration for 10 gold pieces
  2467 | D:5      | Bought a potion of brilliance for 40 gold pieces
  2590 | D:4      | Reached skill level 6 in Stealth
  2715 | D:6      | Quit the game

Skill      XL: |  1  2  3  4  5  6  7  8  9 |
---------------+----------------------------+-----
Conjurations   | 2 3 4 |  4.1
Spellcasting   | 5 6 |  6.6
Invocations    | 1 2 3 4 |  4.6
Fighting       | 1 2 3 4 |  4.2
Short Blades   | 1 2 3 4 |  4.2
Long Blades    | 1 2 3 4 |  4.2
Axes           | 1 2 3 4 |  4.2
Maces & Flails | 1 2 3 4 |  4.2
Polearms       | 1 2 3 4 |  4.2
Staves         | 1 2 3 4 |  4.2
Slings         | 1 2 3 4 |  4.2
Bows           | 1 2 3 4 |  4.2
Crossbows      | 1 2 3 4 |  4.2
Throwing       | 1 2 3 4 |  4.2
Armour         | 1 2 3 4 |  4.2
Shields        | 1 2 3 4 |  4.2
Unarmed Combat | 1 2 3 4 |  4.2
Evocations     | 1 2 3 4 |  4.2
Hexes          | 1 2 3 |  3.4
Charms         | 1 2 3 |  3.4
Summonings     | 1 2 3 |  3.4
Necromancy     | 1 2 3 |  3.4
Translocations | 1 2 3 |  3.4
Transmutations | 1 2 3 |  3.4
Fire Magic     | 1 2 3 |  3.4
Air Magic      | 1 2 3 |  3.4
Earth Magic    | 1 2 3 |  3.4
Poison Magic   | 1 2 3 |  3.4
Dodging        | 5 6 |  6.3
Stealth        | 5 6 |  6.0
Ice Magic      | 6 |  6.5

Action                   |  1- 3 |  4- 6 |  7- 9 || total
-------------------------+-------+-------+-------++-------
Melee: Dagger            |    18 |    95 |    31 ||   144
       Bite              |     4 |    23 |    22 ||    49
       Flail             |       |    27 |   190 ||   217
       Long sword        |       |    20 |     4 ||    24
       Punch             |       |       |     2 ||     2
       Whip              |       |       |    36 ||    36
 Fire: Blowgun           |       |       |     3 ||     3
 Cast: Freeze            |    12 |    29 |    17 ||    58
       Throw Frost       |     2 |     5 |     4 ||    11
       Ozocubu's Armour  |       |     5 |    22 ||    27
       Summon Ice Beast  |       |       |    15 ||    15
Evoke: Wand              |       |       |     3 ||     3
  Use: Scroll            |       |     8 |     4 ||    12
       Potion            |       |       |     3 ||     3
 Stab: Sleeping          |     2 |     3 |     8 ||    13
       Distracted        |       |       |     2 ||     2
  Eat: Chunk             |       |     1 |     5 ||     6
       Ration            |       |       |     1 ||     1
Armor: Robe              |       |    20 |   119 ||   139
       Skin              |       |       |     4 ||     4
Dodge: Dodged            |    13 |    76 |   204 ||   293
Block: Buckler           |       |       |    20 ||    20
       Rpst.: Long sword |       |     6 |     1 ||     7

Table legend:
 A = Turns spent in this place as a percentage of turns spent in the entire game.
 B = Non-inter-level travel turns spent in this place as a percentage of non-inter-level travel turns spent in the entire game.
 C = Inter-level travel turns spent in this place as a percentage of turns spent in this place.
 D = Turns resting spent in this place as a percentage of non-inter-level travel turns spent in this place.
 E = Turns spent auto-exploring this place as a percentage of non-inter-level travel turns spent in this place.
 F = Non-inter-level travel turns spent in this place divided by the number of levels of this place that you've seen.
                   A       B       C       D       E      F
               +-------+-------+-------+-------+-------+----------------------
         Total | 100.0 | 100.0 |   2.1 |   0.0 |   0.0 | 295.3
       Dungeon |  90.5 |  90.3 |   2.3 |   0.0 |   0.0 | 300.0
       Ossuary |   9.5 |   9.7 |   0.0 |   0.0 |   0.0 | 258.0
               +-------+-------+-------+-------+-------+----------------------

Table legend:
 A = Kills in this place as a percentage of kills in entire the game.
 B = Kills by you in this place as a percentage of kills by you in the entire game.
 C = Kills by friends in this place as a percentage of kills by friends in the entire game.
 D = Other kills in this place as a percentage of other kills in the entire game.
 E = Experience gained in this place as a percentage of experience gained in the entire game.
 F = Experience gained in this place divided by the number of levels of this place that you have seen.
                   A       B       C       D       E      F
               +-------+-------+-------+-------+-------+----------------------
         Total | 100.0 | 100.0 | 100.0 |   N/A | 100.0 | 387.4
       Dungeon |  76.6 |  81.8 |  55.6 |   N/A |  92.6 | 403.8
       Ossuary |  23.4 |  18.2 |  44.4 |   N/A |   7.4 | 257.0
               +-------+-------+-------+-------+-------+----------------------

Vault maps used:
D:1:      dpeg_arrival_orchard, grunt_decor_fettered, minmay_ruptured
D:2:      wad_woods_settlement, first_ration
D:3:      grunt_temple_overflow_lords_of_destruction, minmay_joined_circles
D:4:      grunt_gozag_statues, uniq_eustachio
D:5:      serial_shops, nicolae_shop_crystal, enter_ossuary_4
D:6:      lemuel_crystal_altar, lemuel_coloured_pillars_altar
D:7:      minmay_temple_entry_enclosed_plants, uniq_duvessa, uniq_pikel
D:8:      nicolae_dithmenos_through_a_glass_darkly, serial_shops, shop,
          basic_altar
Ossuary:  minmay_ossuary_two_tombs
